 Dungeon Crawl Stone Soup version 0.30-a0-743-gbfdf073431 (webtiles) character file.

Game seed: 13447249925355493676

10096 spacey5 the Spear-Bearer (level 11, -11/101 HPs)
             Began as a Minotaur Berserker on Feb 5, 2023.
             Was a High Priest of Trog.
             Shot with an arrow by a centaur (12 damage)
             ... on level 1 of the Lair of Beasts.
             The game lasted 01:19:28 (10746 turns).

spacey5 the Spear-Bearer (Minotaur Berserker)      Turns: 10746, Time: 01:19:28

Health: -11/101    AC: 13    Str: 25    XL:     11   Next: 31%
Magic:  10/10      EV: 14    Int:  4    God:    Trog [*****.]
Gold:   777        SH:  0    Dex: 11    Spells: 10/10 levels left

rFire   . . .      SeeInvis .    e - +3 spear (heavy)
rCold   . . .      Faith    +    (no shield)
rNeg    . . .      Spirit   .    d - +2 ring mail
rPois   .          Reflect  .    (helmet unavailable)
rElec   .          Harm     .    r - +1 cloak
rCorr   .          Rampage  .    m - +0 pair of gloves
Will    .....                    (no boots)
Stlth   +                        p - amulet of faith
HPRegen 0.36/turn                (no ring)
MPRegen 0.12/turn                (no ring)

@: no status effects
A: horns 3, retaliatory headbutt, claws 1
a: Renounce Religion, Berserk, Trog's Hand, Brothers in Arms


You were on level 1 of the Lair of Beasts.
You worshipped Trog.
Trog was extremely pleased with you.
You visited 2 branches of the dungeon, and saw 11 of its levels.

You collected 777 gold pieces.

Inventory:

Hand Weapons
 e - a +3 heavy spear (weapon)
 n - a +0 halberd of venom
 s - a +1 halberd
 B - a +0 short sword
Missiles
 x - 2 boomerangs of dispersal (quivered)
Armour
 d - a +2 ring mail (worn)
 m - a +0 pair of gloves (worn)
 r - a +1 cloak (worn)
 w - a +0 helmet
 z - the +3 robe of Intercession {Will+ MP+9 Str+4}
   (You found it on level 10 of the Dungeon)

   Str:       It affects your strength (+4).
   MP:        It affects your magic capacity (+9).
   Will:      It increases your willpower.
 A - a scarf of resistance
Jewellery
 p - an amulet of faith (around neck)
Wands
 f - a wand of roots (10)
 k - a wand of flame (25)
 y - a wand of light (5)
Scrolls
 b - 2 scrolls of immolation
 c - 5 scrolls of teleportation
 h - a scroll of summoning
 u - 5 scrolls of fog
Potions
 a - a potion of attraction {unknown}
 g - 4 potions of flight
 i - a potion of heal wounds {unknown}
 j - 3 potions of brilliance
 l - a potion of invisibility {unknown}
 q - a potion of might
 t - 2 potions of magic
Miscellaneous
 C - a lightning rod (4/4)


   Skills:
 * Level 10.9 Fighting
 - Level 1.3 Long Blades
 + Level 13.7 Polearms
 - Level 0.1(8.8) Staves
 + Level 9.6 Armour
 + Level 8.8 Dodging


You had 10 spell levels left.
You didn't know any spells.
Your spell library was empty.

Dungeon Overview and Level Annotations

Branches:
Dungeon (10/15)            Temple (0/1) D:5            Lair (1/5) D:9
    Orc: D:9-12

Altars:
Ashenzari
Cheibriados
Dithmenos
Elyvilon
Fedhas
Kikubaaqudgha
Makhleb
Nemelex Xobeh
Qazlal
Ru
Sif Muna
Trog
Uskayaw
Xom
Zin
The Shining One

Shops:
D:2 =   D:7 !


Innate Abilities, Weirdness & Mutations

You have a pair of large horns on your head.
You reflexively headbutt those who attack you in melee.
You have sharp fingernails.


Message History

The centaur shoots an arrow.
The arrow misses you.
The centaur shoots an arrow.
The arrow hits you.
* * * LOW HITPOINT WARNING * * *
The centaur shoots an arrow.
The arrow misses you.
The centaur shoots an arrow.
The arrow hits you but does no damage.
Things that are here:
a +0 shortbow; 4 stones The centaur shoots an arrow.
The arrow barely misses you.
The centaur shoots an arrow.
The arrow hits you but does no damage.
The centaur shoots an arrow.
The arrow closely misses you.
The centaur shoots an arrow.
The arrow misses you.
A centaur is nearby!
The centaur shoots an arrow.
The arrow closely misses you.
The centaur shoots an arrow.
The arrow barely misses you.
You feel better.
The centaur shoots an arrow.
The arrow hits you.
* * * LOW HITPOINT WARNING * * *
You feel better.
The centaur shoots an arrow.
The arrow hits you but does no damage.
The centaur shoots an arrow.
The arrow hits you!
* * * LOW HITPOINT WARNING * * *
The centaur shoots an arrow.
The arrow hits you but does no damage.
The centaur shoots an arrow.
The arrow hits you!
* * * LOW HITPOINT WARNING * * *
The centaur shoots an arrow.
The arrow hits you.
* * * LOW HITPOINT WARNING * * *
The centaur shoots an arrow.
The arrow hits you.
* * * LOW HITPOINT WARNING * * *
The centaur shoots an arrow.
The arrow misses you.
There is an open door here.
The centaur shoots an arrow.
The arrow hits you.
* * * LOW HITPOINT WARNING * * *
The centaur shoots an arrow.
The arrow closely misses you.
The centaur shoots an arrow.
The arrow hits you!
* * * LOW HITPOINT WARNING * * *
The centaur shoots an arrow.
The arrow barely misses you.
The centaur shoots an arrow.
The arrow hits you.
* * * LOW HITPOINT WARNING * * *
There is an open door here.
The centaur shoots an arrow.
The arrow hits you!
You die...

#..........###.#### #≈≈#
#.......##..##.############
#####..#######)........##
####.###### ###)#..##+P##
#.........# #............
#.........# ##.........§.
#.........####c........§§≈
#.........##..'.......≈§§§
#........@'...#.)....≈≈≈≈§
#..........####......≈≈≈≈§
#..#.#.#.#.## #......≈≈§§≈
##..........# ###+...≈≈≈§
###.......## .#..≈§§
#...>.....# ..#..≈
##.......## ###..
#.........# .#
#.#.......#######


You could see a centaur.

Vanquished Creatures
  A hydra (D:10)
  Pikel (D:6)
  A komodo dragon (Lair:1)
  2 trolls
  A wraith (D:10)
  20 yaks
  2 wyverns
  A basilisk (D:8)
  2 vampire mosquitoes (D:10)
  Menkaure (D:4)
  An acid dragon (D:10)
  3 water moccasins
  4 orc warriors
  2 ice beasts
  An ogre (D:5)
  4 lemures (D:6)
  3 centaurs
  2 phantoms (D:5)
  3 kobold brigands
  6 bullfrogs
  5 scorpions
  A gnoll sergeant (D:8)
  A necrophage (D:5)
  20 wights
  A howler monkey (D:7)
  2 jellies
  4 hounds
  A gnoll bouda (D:2)
  5 orc priests
  6 iguanas
  4 orc wizards
  11 gnolls
  8 adders
  2 shadow imps
  4 white imps
  An ufetubus (D:5)
  3 worms
  3 dart slugs (D:2)
  29 orcs
  8 ball pythons
  10 endoplasms
  3 giant cockroaches
  10 goblins
  5 hobgoblins
  5 jackals
  4 quokkas
  5 bats
  5 frilled lizards
  12 kobolds
  5 rats
244 creatures vanquished.

Vanquished Creatures (others)
  An orc wizard (D:6)
  20 fungi
  19 plants
40 creatures vanquished.

Grand Total: 284 creatures vanquished

Notes
Turn   | Place    | Note
-------+----------+-------------------------------------------
     0 | D:1      | spacey5 the Minotaur Berserker began the quest for the Orb.
     0 | D:1      | Reached XP level 1. HP: 19/19 MP: 0/0
   219 | D:1      | Reached XP level 2. HP: 18/27 MP: 1/1
   585 | D:2      | Reached skill level 4 in Polearms
   587 | D:2      | Reached ** piety under Trog
   648 | D:2      | Reached XP level 3. HP: 32/33 MP: 2/2
  1196 | D:2      | Found Xuwilo's Jewellery Shop.
  1295 | D:2      | Reached XP level 4. HP: 40/40 MP: 3/3
  1773 | D:3      | Reached XP level 5. HP: 37/47 MP: 4/4
  1954 | D:3      | Found a glowing golden altar of the Shining One.
  2178 | D:3      | Found a faded altar of an unknown god.
  2237 | D:3      | Found a blossoming altar of Fedhas.
  2333 | D:3      | Identified the +5 falchion of Lydij {pain, Int+2}
  2801 | D:4      | Found a white marble altar of Elyvilon.
  2970 | D:4      | Noticed Menkaure
  2972 | D:4      | Killed Menkaure
  2973 | D:4      | Reached skill level 5 in Fighting
  2973 | D:4      | Reached skill level 1 in Long Blades
  2973 | D:4      | Reached skill level 5 in Polearms
  2973 | D:4      | Reached XP level 6. HP: 55/56 MP: 5/5
  3160 | D:4      | Reached *** piety under Trog
  3566 | D:5      | Entered Level 5 of the Dungeon
  3619 | D:5      | Found a burning altar of Makhleb.
  3798 | D:5      | Found a staircase to the Ecumenical Temple.
  3869 | D:5      | Found a hide-covered altar of Uskayaw.
  4003 | D:5      | Found a snail-covered altar of Cheibriados.
  4226 | D:5      | Reached XP level 7. HP: 61/61 MP: 6/6
  4230 | D:5      | Reached skill level 5 in Armour
  4256 | D:5      | Reached skill level 6 in Polearms
  4264 | D:5      | Reached skill level 5 in Dodging
  4310 | D:5      | Noticed a yak
  4310 | D:5      | Noticed a troll
  4315 | D:5      | Killed a yak
  4316 | D:5      | Reached XP level 8. HP: 71/71 MP: 7/7
  4319 | D:5      | Killed a troll
  4321 | D:5      | Reached skill level 7 in Polearms
  4435 | D:5      | Found a glowing silver altar of Zin.
  4435 | D:5      | Found a shimmering blue altar of Sif Muna.
  4439 | D:5      | Found a shadowy altar of Dithmenos.
  4751 | D:6      | Found a broken altar of Ashenzari.
  5321 | D:6      | Found a sacrificial altar of Ru.
  6065 | D:6      | Reached XP level 9. HP: 74/81 MP: 8/8
  6327 | D:6      | Reached skill level 8 in Polearms
  6579 | D:7      | Noticed Pikel
  6860 | D:6      | Killed Pikel
  7185 | D:7      | Found Kimy's Distillery.
  7195 | D:7      | Gained mutation: You have a pair of large horns on your
                  | head. [potion of mutation]
  7195 | D:7      | Gained mutation: You have sharp fingernails. [potion of
                  | mutation]
  7526 | D:8      | Reached skill level 9 in Polearms
  7754 | D:8      | Reached **** piety under Trog
  7843 | D:8      | Reached skill level 10 in Polearms
  7894 | D:8      | Reached XP level 10. HP: 84/87 MP: 9/9
  8159 | D:8      | Found a flagged portal.
  8397 | D:9      | Found a sparkling altar of Nemelex Xobeh.
  8556 | D:9      | Found an ancient bone altar of Kikubaaqudgha.
  8568 | D:9      | Reached skill level 11 in Polearms
  8573 | D:9      | Found a shimmering altar of Xom.
  8694 | D:9      | Reached skill level 12 in Polearms
  9009 | D:9      | Reached skill level 13 in Polearms
  9113 | D:9      | Found a staircase to the Lair.
  9181 | D:10     | Entered Level 10 of the Dungeon
  9273 | D:10     | Found a stormy altar of Qazlal.
  9282 | D:10     | Identified the +2 quarterstaff of Wyrd {flame, rPois}
  9356 | D:10     | Reached ***** piety under Trog
  9360 | D:10     | Reached skill level 10 in Fighting
  9360 | D:10     | Reached XP level 11. HP: 45/99 MP: 10/10
  9537 | D:10     | Noticed a four-headed hydra
  9548 | D:10     | Killed a four-headed hydra
  9560 | D:10     | Identified the +3 robe of Intercession {Will+ MP+9 Str+4}
 10410 | Lair:1   | Entered Level 1 of the Lair of Beasts
 10586 | Lair:1   | Found a bloodstained altar of Trog.
 10654 | Lair:1   | Noticed a death yak
 10743 | Lair:1   | HP: 3/101 [centaur/arrow (11)]
 10745 | Lair:1   | HP: 1/101 [centaur/arrow (3)]
 10746 | Lair:1   | Shot with an arrow by a centaur

Illustrated notes

Levels and vault maps discovered:
D:1:      tarquinn_simple_flora_water_d, layout_rooms
D:2:      layout_rooms, serial_shops, shop, serial_forest,
          infiniplex_forest_zigzag_2, infiniplex_forest_corner_1,
          infiniplex_forest_lined_ring, infiniplex_forest_lined_2,
          infiniplex_forest_straight_4, infiniplex_forest_end_2,
          infiniplex_forest_straight_2, infiniplex_forest_end_1,
          minmay_pentomino_t4
D:3:      layout_basic, fedhas_altar_4, tso_metal_star,
          chequers_ecumenical_altar_island
D:4:      minmay_wonky_spiral, layout_basic, kennysheep_mini_moat, uniq_menkaure
D:5:      cheibrodos_barr_body, layout_loops_corners,
          mainiacjoe_overflow_alcove_1, lightli_temple_of_fire,
          nicolae_uskayaw_suspiria, minitemple, temple_green
D:6:      layout_gridville, nicolae_ru_great_annihilating_truth,
          nicolae_ashenzari_panopticon
D:7:      layout_cave_pools, serial_shops, shop, uniq_pikel
D:8:      layout_rooms, enter_bailey_4
D:9:      layout_basic, mainiacjoe_overflow_catwalk_spiral,
          nemelex_spade_bored_becter, grunt_lair_entry_orc_guard_hut
D:10:     layout_basic, nicolae_qazlal_scattered_showers, minmay_puff
Lair:1:   layout_roguey, nicolae_quartered_pool_impasse,
          chequers_serial_rivers_micro_a, st_stairs_4, lemuel_centaur_altar,
          uniq_joseph

Skill      XL: |  1  2  3  4  5  6  7  8  9 10 |
---------------+-------------------------------+-----
Polearms       | 4 5 6 7 10 13 | 13.7
Fighting       | 4 5 6 7 8 10 | 10.9
Armour         | 3 4 5 7 8 9 |  9.6
Dodging        | 3 4 5 6 7 8 |  8.8
Long Blades    | 1 |  1.3
Staves         | |  0.1

Action                     |  1- 3 |  4- 6 |  7- 9 | 10-12 || total
---------------------------+-------+-------+-------+-------++-------
  Melee: Spear             |    93 |     9 |    39 |   245 ||   386
         Headbutt          |     5 |    21 |    41 |    38 ||   105
         Punch             |     1 |       |       |     1 ||     2
         Halberd           |       |   112 |   214 |       ||   326
  Throw: Throwing net      |       |       |       |     1 ||     1
         Boomerang         |       |       |       |     1 ||     1
 Invoke: Trog's Hand       |       |     1 |     3 |     1 ||     5
         Berserk           |       |       |     6 |     4 ||    10
    Use: Scroll            |       |    13 |     7 |     6 ||    26
         Potion            |       |       |     6 |     5 ||    11
   Stab: Paralysed         |       |       |     1 |       ||     1
 Armour: Ring mail         |    28 |    46 |   100 |    76 ||   250
         Animal skin       |     1 |       |       |       ||     1
  Dodge: Dodged            |    51 |    76 |   164 |   144 ||   435

Table legend: (Time is in decaauts)
 A = Elapsed time spent in this place.
 B = Non-inter-level travel time spent in this place.
 C = Inter-level travel time spent in this place.
 D = Time resting spent in this place.
 E = Time spent auto-exploring this place.
 F = Levels seen in this place.
 G = Mean time per level.
                   A        B        C        D        E       F      G
               +--------+--------+--------+--------+--------+-----+--------+
         Total |  10844 |   9991 |    853 |   1082 |   3095 |  11 |  985.8 |
       Dungeon |  10513 |   9660 |    853 |   1082 |   3095 |  10 | 1051.3 |
          Lair |    331 |    331 |      0 |      0 |      0 |   1 |  331.0 |
               +--------+--------+--------+--------+--------+-----+--------+

Top non-repeatable levels by time:
     D:6: 1888 daAuts
     D:5: 1462 daAuts
    D:10: 1193 daAuts
     D:2: 1168 daAuts
     D:3: 1073 daAuts
     D:7: 831 daAuts
     D:4: 785 daAuts
     D:9: 783 daAuts
     D:8: 759 daAuts
     D:1: 567 daAuts
  Lair:1: 331 daAuts
